AoeStats
← ArtyParty92

Golden Pit

510232471Analyzed
1v1 RM · 19h ago on Sep 30, 2026· 50m 26s· 2 players
Game mode
Random Map
Map size
Tiny (2 player)
Population
200
Speed
Normal
Resources
Standard
Victory
Conquest
Starting age
Dark Age
Ending age
Imperial Age
RankedLock teamsTeams togetherTeam positionsShared explorationLock speedFull tech treeHidden civsTurbo modeCheats
Victory
Defeat
🇺🇸 Slavs · United States
348
+10
🇧🇷 Celts · Brazil
220
-10
DogBarkStorm
8:43 Loom
14:49 Feudal Age
14:51 Man-at-Arms
15:26 Horse Collar
15:34 Double-Bit Axe
17:46 Wheelbarrow
20:14 Town Watch
22:07 Arson
24:11 Forging
24:06 Scale Barding Armor
24:01 Scale Mail Armor
23:57 Gold Mining
23:57 Stone Mining
25:00 Stone Mining
25:25 Scale Mail Armor
28:50 Castle Age
29:44 Husbandry
29:56 Padded Archer Armor
32:31 Heavy Plow
33:26 Gold Shaft Mining
33:26 Stone Shaft Mining
35:06 Chain Mail Armor
34:42 Fletching
37:02 Fervor
37:43 Iron Casting
37:04 Bodkin Arrow
37:56 Pikeman
38:23 Gambesons
38:20 Elite Skirmisher
40:49 Stone Shaft Mining
40:53 Hand Cart
41:35 Crossbowman
ArtyParty92
0:36 Loom
10:48 Feudal Age
11:46 Man-at-Arms
13:05 Double-Bit Axe
14:49 Horse Collar
22:53 Castle Age
21:27 Fletching
23:37 Forging
23:48 Bodkin Arrow
25:35 Gold Mining
25:42 Long Swordsman
28:55 Bow Saw
32:43 Gold Shaft Mining
36:54 Imperial Age
34:06 Pikeman
36:39 Crossbowman
40:27 Two-Handed Swordsman
42:53 Champion
Connection lost

Rejoining the realm…

Still unreachable

The connection could not be restored.

Session expired

The server has moved on; the page needs a fresh start.